 Dungeon Crawl Stone Soup version 0.25-a0-413-g3b4b6a4ccc (webtiles) character file.

Game seed: 7097239164949018939, levelgen mode: deterministic

3077 Borgoz the Basher (level 9, 0/56 HPs)
             Began as a Gargoyle Berserker on Jan 16, 2020.
             Was an Elder of Trog.
             Slain by a vampire (5 damage)
             ... on level 8 of the Dungeon.
             The game lasted 00:08:22 (6230 turns).

Borgoz the Basher (Gargoyle Berserker)              Turns: 6230, Time: 00:08:23

Health: 0/56       AC: 19    Str: 21    XL:     9   Next: 89%
Magic:  9/9        EV: 13    Int:  8    God:    Trog [****..]
Gold:   535        SH:  0    Dex: 12    Spells: 8/8 levels left

rFire    . . .     SeeInvis .   a - +5 mace
rCold    . . .     Gourm    .   (no shield)
rNeg     + . .     Faith    +   b - +0 scale mail (curse)
rPois    ∞         Spirit   .   H - +1 helmet
rElec    +         Reflect  .   (no cloak)
rCorr    .         Harm     .   (no gloves)
MR       +....                  (no boots)
Stlth    ..........             e - amulet of faith
HPRegen  0.18/turn              l - +3 ring of protection
MPRegen  0.11/turn              A - ring of protection from magic

@: no status effects
A: negative energy resistance 1, electricity resistance, unbreathing,
petrification resistance, rot immunity, AC +6
a: Berserk, Trog's Hand, Brothers in Arms, Renounce Religion


You were on level 8 of the Dungeon.
You worshipped Trog.
Trog was greatly pleased with you.
You were not hungry.

You visited 1 branch of the dungeon, and saw 8 of its levels.

You collected 535 gold pieces.

Inventory:

Hand Weapons
 a - a +5 mace (weapon)
 K - a +1 antimagic great mace
Armour
 b - a cursed +0 scale mail (worn)
 H - a +1 helmet (worn)
Jewellery
 e - an amulet of faith (around neck)
 l - a +3 ring of protection (left hand)
 t - an uncursed ring of fire
 A - a ring of protection from magic (right hand)
 E - a +3 amulet of reflection
Wands
 I - a wand of polymorph (5)
Scrolls
 f - 3 scrolls of teleportation {unknown}
 g - 2 scrolls of random uselessness {unknown}
 h - 2 scrolls of enchant armour {unknown}
 k - 5 scrolls of identify {unknown}
 m - 8 scrolls of remove curse {unknown}
 o - 2 scrolls of amnesia {unknown}
 p - 2 scrolls of immolation {unknown}
 r - a scroll of fear {unknown}
 v - 2 scrolls of fog {unknown}
 w - a scroll of blinking {unknown}
 x - a scroll of noise {unknown}
 y - 2 scrolls of enchant weapon {unknown}
 D - a scroll of vulnerability {unknown}
 G - a scroll of magic mapping {unknown}
Potions
 d - 4 potions of curing {unknown}
 i - 3 potions of lignification {unknown}
 j - a potion of mutation {unknown}
 n - a potion of magic {unknown}
 q - 4 potions of degeneration {unknown}
 s - 2 potions of brilliance {unknown}
 u - 2 potions of cancellation {unknown}
 z - a potion of berserk rage {unknown}
 B - 2 potions of haste {unknown}
 F - a potion of heal wounds {unknown}
 J - a potion of ambrosia {unknown}
Comestibles
 c - 13 rations
 C - 5 chunks of flesh


   Skills:
 + Level 6.8 Fighting
 * Level 8.4 Maces & Flails
 + Level 6.2 Armour
 * Level 6.7 Dodging


You had 8 spell levels left.
You didn't know any spells.
Your spell library was empty.

Dungeon Overview and Level Annotations

Branches:
Dungeon (8/15)             Temple (0/1) D:4
   Lair: D:8-11

Altars:
Cheibriados
Gozag
Kikubaaqudgha
Wu Jian
Zin

Shops:
D:6 *


Innate Abilities, Weirdness & Mutations

You are resistant to torment.
Your stone body is resilient. (AC +6)
You are immune to poison.
You resist negative energy. (rN+)
You are resistant to electric shocks. (rElec)
You can survive without breathing.
You are immune to petrification.
You are immune to rotting.


Message History

Something bites you but does no damage.
Things that are here:
a sky beast corpse; a chunk of flesh; an adder skeleton You hit something but do no damage.
Something hits you but does no damage. Something bites you but does no damage.
You hit something but do no damage. Something hits you but does no damage.
Something bites you but does no damage.
You closely miss something. Something hits you but does no damage.
Something bites you but does no damage.
You barely miss something. Something hits you but does no damage.
Something bites you.
You hit the ogre.
The ogre is lightly wounded.
Something hits you but does no damage. Something completely misses you.
The ogre hits you with a cursed -1 giant club!!
* * * LOW HITPOINT WARNING * * *
You hit the ogre but do no damage. Something hits you!
* * * LOW HITPOINT WARNING * * *
Something bites you.
You die...

.## ##..### #.<# # ..####
##.###.### ##..###
.....####...##...## ##......
..................## #.......
...................###
#.......
###....####..........##
#..##... # ##..##
##...........## #..##..#
#...###...>.........###.###..#
##..##......{@.......##÷# ##.#
#..##.......O........#.## #.#
#..#....................# #..
#..#....................# #..
..#.....................# #..
.##.....................# #..
.........)............###.
.......................###
.............>..........#


You could see an ogre.

Vanquished Creatures
  A hippogriff (D:8)
  2 hungry ghosts
  Duvessa (D:7)
  4 ice beasts
  A phantom (D:6)
  An orc warrior (D:7)
  4 sky beasts
  An ogre (D:4)
  A big kobold (D:7)
  A gnoll sergeant (D:7)
  A bullfrog (D:7)
  A water moccasin zombie (D:7)
  Dowan (D:7)
  3 scorpions
  9 wights
  A crimson imp (D:6)
  A jelly (D:5)
  A centaur skeleton (D:8)
  A hound (D:7)
  An orc priest (D:8)
  2 iguanas (D:8)
  3 bullfrog skeletons
  6 orc wizards
  A worker ant (D:8)
  A killer bee zombie (D:7)
  A worker ant zombie (D:7)
  A hound skeleton (D:6)
  3 gnolls (D:7)
  6 adders
  An ooze (D:6)
  4 worms
  19 orcs
  A ball python (D:3)
  4 giant cockroaches
  4 hobgoblins
  13 jackals
  2 quokkas
  2 bats
  4 frilled lizards
  8 goblins
  8 kobolds
  A quokka skeleton (D:7)
  8 rats
140 creatures vanquished.

Notes
Turn   | Place    | Note
-------+----------+-------------------------------------------
     0 | D:1      | Borgoz the Gargoyle Berserker began the quest for the Orb.
     0 | D:1      | Reached XP level 1. HP: 14/14 MP: 1/1
   123 | D:1      | Reached XP level 2. HP: 19/19 MP: 2/2
   289 | D:1      | Reached ** piety under Trog
   702 | D:2      | Reached XP level 3. HP: 21/23 MP: 3/3
   808 | D:2      | Found an opulent altar of Gozag.
  1609 | D:3      | Found an ornate altar of the Wu Jian Council.
  1757 | D:3      | Reached XP level 4. HP: 28/28 MP: 4/4
  1995 | D:4      | Found a staircase to the Ecumenical Temple.
  2384 | D:4      | Noticed an ogre
  2392 | D:4      | Killed an ogre
  2392 | D:4      | Reached skill level 4 in Maces & Flails
  2392 | D:4      | Reached XP level 5. HP: 27/33 MP: 5/5
  2569 | D:5      | Entered Level 5 of the Dungeon
  2585 | D:5      | Reached *** piety under Trog
  2589 | D:5      | Found a snail-covered altar of Cheibriados.
  2818 | D:5      | Reached XP level 6. HP: 19/38 MP: 6/6
  3037 | D:5      | Found Hakhei's General Store.
  3062 | D:5      | Found an ancient bone altar of Kikubaaqudgha.
  3452 | D:6      | Found Ucoabusk's General Store.
  3475 | D:6      | Noticed a sky beast
  3501 | D:6      | Killed a sky beast
  3511 | D:6      | Reached skill level 5 in Maces & Flails
  3523 | D:6      | Reached XP level 7. HP: 28/44 MP: 7/7
  3868 | D:6      | Found a glowing silver altar of Zin.
  3882 | D:6      | Reached skill level 5 in Fighting
  4105 | D:6      | Reached skill level 6 in Maces & Flails
  4105 | D:6      | Reached XP level 8. HP: 49/49 MP: 8/8
  4337 | D:7      | Reached **** piety under Trog
  4566 | D:7      | Reached skill level 5 in Dodging
  4694 | D:7      | Reached skill level 5 in Armour
  4727 | D:7      | Reached skill level 7 in Maces & Flails
  4895 | D:7      | Reached XP level 9. HP: 51/55 MP: 9/9
  5095 | D:7      | Noticed Dowan
  5119 | D:7      | Killed Dowan
  5119 | D:7      | Noticed Duvessa
  5132 | D:7      | Killed Duvessa
  5244 | D:7      | Reached ***** piety under Trog
  5244 | D:7      | Received a gift from Trog
  6002 | D:8      | Reached skill level 8 in Maces & Flails
  6230 | D:8      | Slain by a vampire

Levels and vault maps discovered:
D:1:      psy_arrival_spokes, layout_basic, serial_glass, glass_columns_b,
          glass_columns_c, minivault_11, minmay_misc_feat_iff
D:2:      layout_loops_cross, nicolae_gozag_seed_capital, first_ration,
          minmay_misc_feat_cross
D:3:      layout_basic, overflow_temple_1_default
D:4:      layout_rooms, minmay_temple_entry_trees, minmay_misc_feat_nine_boxes
D:5:      layout_basic, lemuel_doored_altar, serial_shops, nicolae_shop_crystal,
          basic_altar
D:6:      layout_rooms, zin_academy, serial_shops, nicolae_shop_stone
D:7:      layout_cave_pools, uniq_duvessa
D:8:      layout_layer_cave

Skill      XL: |  1  2  3  4  5  6  7  8  9 |
---------------+----------------------------+-----
Dodging        | 2 3 4 5 6 |  6.7
Fighting       | 4 5 6 |  6.8
Maces & Flails | 4 5 6 7 8 |  8.4
Armour         | 3 4 5 6 |  6.2

Action                   |  1- 3 |  4- 6 |  7- 9 || total
-------------------------+-------+-------+-------++-------
Melee: Mace              |   109 |    71 |   350 ||   530
       Flail             |       |    47 |     2 ||    49
Invok: Berserk           |     2 |     2 |     5 ||     9
       Trog's Hand       |       |       |     1 ||     1
  Eat: Chunk             |     4 |     4 |    15 ||    23
       Ration            |       |     1 |     1 ||     2
Armor: Animal skin       |    40 |    16 |       ||    56
       Scale mail        |       |    60 |   293 ||   353
       Ring mail         |       |     1 |       ||     1
Dodge: Dodged            |    89 |    46 |   310 ||   445

Table legend:
 A = Non-vault XP
 B = Vault XP
 C = Vault XP percentage of total XP
 D = Non-vault monster count
 E = Vault monster count
 F = Vault count percentage of total count
                 A         B        C        D         E       F
            +---------+---------+-------+---------+---------+-------
      Total |    4183 |     214 |   4.9 |     137 |       2 |   1.4
            +---------+---------+-------+---------+---------+-------
        D:1 |      32 |       0 |   0.0 |      21 |       0 |   0.0
        D:2 |      28 |       0 |   0.0 |      11 |       0 |   0.0
        D:3 |      22 |       0 |   0.0 |      12 |       0 |   0.0
        D:4 |     143 |       0 |   0.0 |       7 |       0 |   0.0
        D:5 |     148 |       0 |   0.0 |       7 |       0 |   0.0
        D:6 |     935 |       0 |   0.0 |      19 |       0 |   0.0
        D:7 |    1599 |     214 |  11.8 |      36 |       2 |   5.3
        D:8 |    1276 |       0 |   0.0 |      24 |       0 |   0.0
            +---------+---------+-------+---------+---------+-------
